cohdb
Replays
Latest Replays
All Replays
Popular Replays
Top Player Replays
Match Explorer
How It Works
Community
CoH3 Stats
Reddit
Sign in to upload your games and track your stats! →
Sign in with Steam
Match 41475097
Unlisted
Match 41475097
Overview
Messages
Build Orders
End
Construct Section Command Post
Selects Canadian Shock Battlegroup
Infantry Section
Dingo Light Scout Car
ML 3-inch Mortar Team
Royal Engineer Section
Selects Offensive Resupply
Selects Canadian Shock Section
Construct Platoon Command Post
Humber Armored Car
Infantry Section
Vickers Machine Gun Team
Infantry Section
6-pounder Anti-tank Gun Team
CMP 15cwt Truck
Grenade Package
6-pounder Anti-tank Gun Team
Particycles
Darth Sithben
Jeep
mandenramen
Rango
kaikaisama
0
0
Comments
sign in to comment!
No comments posted yet!